Map: Dusty Gorge

Players

PureLegacy - Winner!

  • Race: Terran Terran
  • Spawn Location: 9:00

LOADBLASTER - Winner!

  • Race: Terran Terran
  • League: Grandmaster
  • Spawn Location: 11:00

MoBigdIIck

  • Race: Zerg Zerg
  • Spawn Location: 5:00

Amis

  • Race: Terran Terran
  • League: Master
  • Spawn Location: 3:00

VOD

Have the link to the VOD?

Description

Time

  • Played on: Nov. 29, 2018, 7:54 a.m.
  • Length: 16:41
Show
View Real Time Build Order
Export as new Build Order

PureLegacy Terran - Winner!

Build Orders:  

Get SALT Encoding   

  12  0:00  SCV  
  13  0:13  SCV  
  14  0:18  Supply Depot  
  14  0:25  SCV  
  15  0:29  Refinery  
  15  0:40  SCV  
  16  0:46  Barracks  
  16  0:52  SCV  
  17  1:05  Barracks  
  17  1:17  Barracks  
  17  1:21  SCV  
  18  1:33  Reaper  
  18  1:39  Orbital Command  
  19  1:47  Refinery  
  19  1:52  Reaper  
  20  1:59  Supply Depot  
  20  2:09  Reaper x2  
  22  2:17  SCV  
  23  2:23  Supply Depot  
  23  2:25  Reaper  
  25  2:30  SCV  
  25  2:41  Reaper  
  25  2:42  Reaper  
  27  2:48  SCV  
  28  3:00  Reaper  
  29  3:08  Command Center  
  29  3:11  SCV  
  30  3:14  Reaper  
  31  3:20  Reaper  
  32  3:57  Barracks, Barracks Reactor, Barracks Tech Lab  
  32  3:59  Barracks, SCV  
  32  4:01  Factory  
  30  4:03  Barracks Reactor  
  30  4:06  Bunker  
  30  4:11  SCV  
  31  4:20  Marine, Stimpack  
  32  4:28  Orbital Command  
  32  4:30  SCV  
  33  4:36  Marine x2  
  35  4:39  Marine x2  
  35  4:42  SCV  
  38  4:47  Factory Reactor, Starport  
  38  4:51  Marine  
  39  4:56  SCV x2  
  41  5:03  Marine x3  
  41  5:04  Marine  
  45  5:08  SCV x2  
  45  5:12  Supply Depot  
  47  5:20  SCV x2  
  49  5:32  SCV x2  
  51  5:37  Medivac x2  
  51  5:39  Marine x5  
  51  5:42  Supply Depot  
  60  5:44  SCV x2  
  62  5:55  Engineering Bay x2  
  64  6:04  Supply Depot, SCV x2  
  64  6:16  SCV  
  64  6:17  SCV  
  66  6:19  Command Center  
  66  6:21  Combat Shield  
  66  6:24  Terran Infantry Armor Level 1, Terran Infantry Weapons Level 1  
  66  6:28  Supply Depot  
  65  6:36  Armory, SCV x2  
  60  6:58  Marine x2  
  60  6:59  Marine x3  
  53  7:10  SCV x2  
  53  7:14  Refinery x2, Missile Turret, Barracks x2  
  49  7:16  Missile Turret, Medivac x2  
  49  7:21  Marine x4  
  49  7:22  Marine  
  58  7:25  SCV  
  58  7:26  SCV  
  60  7:39  Marine x4  
  60  7:40  Marine  
  65  7:47  SCV  
  65  7:48  SCV  
  65  7:51  Medivac x2, Concussive Shells  
  71  7:52  Orbital Command  
  71  7:57  Marine x4  
  75  8:00  Missile Turret  
  75  8:03  SCV  
  75  8:04  SCV  
  77  8:06  Missile Turret, Barracks Reactor, Barracks Tech Lab  
  77  8:07  Missile Turret  
  77  8:18  SCV x2  
  79  8:21  SCV  
  79  8:22  Terran Infantry Weapons Level 2  
  79  8:25  Marine x5  
  85  8:29  Terran Infantry Armor Level 2  
  85  8:31  Marine  
  85  8:33  SCV x2  
  88  8:37  SCV  
  88  8:38  Supply Depot  
  89  8:42  Marine  
  89  8:43  Marine  
  89  8:46  SCV x2  
  93  8:53  Barracks x2  
  93  8:54  Barracks  
  93  8:57  SCV  
  93  8:58  SCV x2  
  96  9:04  Missile Turret, Supply Depot  
  96  9:09  SCV  
  97  9:10  Marine x6, SCV  
  97  9:15  Marauder x2  
  108  9:25  Command Center  
  108  9:32  Marine x2  
  108  9:33  Marine x2  
  108  9:34  Marine  
  108  9:35  Marine  
  108  9:36  Marine x2  
  116  9:45  Barracks Tech Lab x3  
  116  9:50  Marine  
  117  9:58  Medivac  
  117  9:59  Medivac, Supply Depot  
  121  10:00  Supply Depot, SCV x3  
  121  10:01  Supply Depot x2  
  121  10:03  Supply Depot  
  124  10:11  Marauder  
  124  10:13  Marauder  
  125  10:16  Marine  
  125  10:17  Marine x2  
  125  10:20  Marine x2  
  125  10:21  Marine, Marauder x3  
  110  10:32  Marine  
  110  10:34  Marine x4  
  107  10:38  Marine x2  
  107  10:39  Marine  
  107  10:42  Marauder x3  
  103  10:51  Medivac x2, Marauder  
  103  10:52  Marine x4  
  103  10:56  Marine  
  114  11:02  Marine  
  114  11:03  Marine x2  
  111  11:07  Marine x2  
  111  11:08  Orbital Command  
  111  11:11  SCV x3  
  116  11:20  Missile Turret  
  116  11:21  Medivac x2  
  116  11:22  Missile Turret  
  116  11:23  Missile Turret  
  116  11:24  Missile Turret  
  120  11:26  Missile Turret, SCV x2  
  120  11:30  Terran Infantry Weapons Level 3, Terran Infantry Armor Level 3  
  122  11:53  Marine  
  122  11:54  Marine x5, Marauder x2  
  99  11:55  Marauder  
  93  12:02  Medivac x2  
  93  12:04  Marine x2  
  99  12:11  Marine x3  
  99  12:12  Marine  
  103  12:16  Marauder  
  103  12:19  Marine  
  103  12:20  Marine x3, Command Center  
  109  12:25  Marine x2  
  109  12:26  Barracks, Supply Depot  
  109  12:27  Barracks  
  109  12:29  Marine x3  
  114  12:32  Medivac x2  
  114  12:36  Marine  
  119  12:37  Marine x2, Marauder  
  119  12:38  Marine, Marauder  
  119  12:43  Marine, Marauder  
  129  12:46  Unknown x4  
  129  12:47  Marine x3  
  132  12:54  Marine  
  132  12:55  Marine x2  
  132  12:56  Marauder  
  137  12:58  Marauder  
  137  12:59  Marine  
  137  13:01  Marine  
  137  13:02  Missile Turret  
  137  13:03  Missile Turret  
  137  13:05  Missile Turret, Marine, Marauder  
  143  13:06  Marine x2  
  143  13:12  Marine  
  127  13:16  Barracks Reactor x2  
  127  13:17  Marauder  
  127  13:19  Marine x5  
  131  13:22  Medivac x2  
  131  13:23  Marine  
  131  13:24  Marine x2  
  131  13:26  Marauder  
  133  13:30  Marine  
  133  13:34  Sensor Tower  
  134  13:37  Marine x2, Marauder, Orbital Command  
  134  13:39  Missile Turret x2  
  134  13:40  Marine  
  134  13:41  Marine x3  
  140  13:42  Marine  
  140  13:47  Marauder  
  143  13:52  Medivac x2  
  147  13:56  Marine x6  
  147  13:59  Marauder x4  
  159  14:03  Marine x3  
  159  14:09  Marauder  
  164  14:14  Marine x2  
  166  14:17  Marine x5  
  166  14:20  Marine, Marauder x3  
  166  14:21  Marine  
  179  14:29  Marine x2  
  179  14:30  Marine  
  182  14:31  Marine  
  185  14:38  Marauder  
  185  14:41  Marauder  
  187  14:46  Marine x7  
  187  14:47  Marine, Marauder x2  
  187  14:48  Unknown  
  187  14:49  Unknown x7  
Show
View Real Time Build Order
Export as new Build Order

LOADBLASTER Terran - Winner!

Build Orders:  

Get SALT Encoding   

  12  0:02  SCV  
  13  0:14  SCV  
  13  0:20  Supply Depot  
  14  0:27  SCV  
  15  0:42  SCV  
  16  0:44  Barracks  
  16  0:47  Refinery  
  16  0:54  SCV  
  17  1:01  Barracks  
  17  1:06  SCV  
  18  1:18  SCV  
  19  1:31  Barracks Tech Lab  
  19  1:32  Orbital Command  
  19  1:36  Supply Depot  
  19  1:49  Barracks Tech Lab  
  19  1:52  Marauder  
  21  1:58  SCV  
  21  1:59  Concussive Shells  
  24  2:08  Marauder  
  24  2:17  Marauder  
  24  2:19  Supply Depot  
  24  2:21  SCV  
  29  2:30  Marauder  
  29  2:38  Marauder  
  31  2:47  Command Center  
  31  2:55  Supply Depot  
  31  2:59  Marauder  
  33  3:11  Barracks  
  33  3:13  SCV  
  33  3:17  Marauder  
  36  3:23  Marauder  
  36  3:25  SCV  
  39  3:37  SCV  
  39  3:39  Refinery, Marauder  
  36  3:45  Marauder  
  36  3:49  SCV  
  35  3:58  Stimpack  
  35  4:01  SCV, Orbital Command  
  36  4:10  Barracks Reactor  
  36  4:14  SCV  
  36  4:15  Marauder  
  39  4:20  Marauder  
  41  4:25  Refinery  
  41  4:26  SCV  
  41  4:27  SCV  
  43  4:37  Marauder  
  43  4:38  SCV  
  46  4:39  SCV  
  47  4:46  Marauder  
  47  4:51  Factory, SCV x2  
  51  4:55  Supply Depot  
  51  4:57  Marine x2  
  51  4:59  Marine  
  54  5:05  Combat Shield  
  54  5:07  Marine  
  54  5:08  SCV  
  54  5:09  SCV  
  57  5:18  Marine  
  57  5:19  Supply Depot  
  57  5:20  SCV  
  59  5:21  Marine, SCV  
  59  5:26  Marine x2  
  63  5:32  SCV  
  64  5:36  Supply Depot  
  64  5:39  Starport  
  64  5:40  Factory Reactor  
  64  5:42  SCV  
  65  5:44  SCV  
  65  5:45  Marine  
  67  5:56  Marine  
  68  5:57  Marine x2  
  68  5:59  SCV  
  68  6:03  Marine  
  72  6:06  Supply Depot  
  72  6:09  Supply Depot  
  72  6:14  Marine x3  
  75  6:21  Marine  
  75  6:23  Armory  
  75  6:25  Medivac x2, Factory Tech Lab  
  80  6:32  Marine x2  
  81  6:36  Marine  
  81  6:39  Marine  
  67  6:42  SCV  
  62  6:50  Marine x2  
  63  6:54  Marine  
  63  6:55  Medivac  
  63  6:57  Marine, Command Center  
  65  7:02  Medivac  
  68  7:13  Thor  
  68  7:14  Engineering Bay x2  
  73  7:16  Marine  
  73  7:19  Marine x2  
  73  7:20  Marine  
  77  7:34  Marine  
  77  7:35  Medivac x2  
  77  7:36  Marine  
  77  7:37  Marine  
  81  7:38  Marauder  
  71  7:52  Terran Infantry Armor Level 1, Terran Infantry Weapons Level 1, Marine  
  71  7:54  Marine  
  71  7:56  Barracks, Marine  
  71  7:57  Barracks  
  72  8:02  Marine  
  72  8:05  Medivac  
  75  8:09  Medivac  
  75  8:10  Missile Turret  
  77  8:13  SCV x2  
  77  8:14  Marauder  
  77  8:17  Marine  
  82  8:21  Missile Turret, Marine  
  82  8:23  Marine  
  82  8:25  SCV x2  
  86  8:32  Orbital Command  
  86  8:35  Marine  
  86  8:40  Missile Turret  
  87  8:43  SCV  
  87  8:45  Barracks Tech Lab, Barracks Reactor  
  87  8:48  Medivac x2  
  90  8:53  SCV  
  93  8:56  Marine  
  93  8:57  Marine, Marauder  
  97  9:09  Marauder  
  99  9:11  SCV  
  99  9:12  Thor  
  99  9:13  Marine  
  99  9:15  SCV  
  108  9:18  Marine, SCV  
  108  9:21  Supply Depot  
  110  9:25  Marine  
  110  9:26  Marauder  
  110  9:30  Supply Depot  
  110  9:31  Marine x2  
  114  9:33  Marine  
  110  9:46  Marine, Marauder  
  110  9:49  Marine, Marauder  
  111  9:55  Siege Tank  
  111  9:57  Medivac  
  110  10:01  Marine x2, Marauder  
  110  10:04  Marine  
  115  10:08  Marine  
  115  10:09  Barracks, Marine  
  115  10:10  Barracks x2  
  115  10:11  Marine  
  118  10:14  Medivac  
  118  10:18  Marine  
  118  10:19  Marine  
  122  10:22  Marine  
  122  10:23  Marauder  
  122  10:26  Marine  
  122  10:28  Supply Depot, Marine  
  127  10:29  Marauder  
  129  10:36  Marine  
  129  10:38  Command Center  
  129  10:39  Marine  
  125  10:44  Marine x2  
  125  10:45  Marauder  
  125  10:47  Marine  
  129  10:52  Supply Depot, Marine  
  129  10:53  Supply Depot  
  129  10:54  Marine  
  131  10:59  Marine  
  131  11:01  Barracks Tech Lab x2  
  131  11:02  Barracks Reactor  
  132  11:05  Marine  
  132  11:06  Marauder  
  132  11:09  Terran Infantry Weapons Level 2  
  135  11:11  Terran Infantry Armor Level 2  
  135  11:13  Marine  
  135  11:15  Marine x2  
  138  11:19  Marine  
  138  11:20  Marine, Marauder  
  138  11:23  Marine  
  138  11:24  Marauder  
  144  11:27  Marine  
  144  11:31  Marine  
  143  11:32  Marine  
  143  11:33  Marauder  
  143  11:37  Marine  
  143  11:39  Marine x3  
  146  11:41  Marine  
  146  11:46  Marine x2  
  148  11:49  Marine  
  142  11:54  Marine  
  142  11:55  Marine, Marauder  
  142  11:56  Marine  
  142  11:57  Marine, Marauder  
  142  11:58  Marine  
  144  12:04  Marine x2  
  144  12:07  Marine  
  140  12:12  Marine  
  140  12:13  Marine  
  140  12:14  Marine x2  
  143  12:15  Marine  
  143  12:17  Marauder  
  143  12:18  Marine  
  143  12:22  Marine x2  
  143  12:25  Marine  
  133  12:30  Marine x2  
  133  12:32  Marine  
  133  12:34  Marauder  
  133  12:36  Marine  
  138  12:38  Marine  
  138  12:40  Marine x2  
  138  12:41  Marine  
  138  12:42  Marine  
  138  12:48  Marine x2  
  138  12:49  Orbital Command  
  140  12:54  Marine  
  140  12:55  Marine x2  
  140  12:57  Marine x2  
  145  12:59  Marine  
  145  13:00  Marine  
  147  13:05  Marine  
  147  13:06  Marine  
  147  13:11  Marine  
  147  13:12  Factory Tech Lab  
  146  13:13  Marine, Marauder  
  146  13:15  Marine x2  
  146  13:17  Marine  
  146  13:18  Marine  
  140  13:28  Marine x2  
  140  13:29  Marine  
  140  13:32  Marauder  
  140  13:33  Marine x2  
  144  13:34  Marine, Marauder  
  144  13:36  Marine  
  146  13:46  Marine x2  
  146  13:47  Marine  
  149  13:51  Marine x2  
  149  13:52  Marine  
  149  13:53  Marauder  
  149  13:54  Marine  
  155  13:56  Viking, Marauder  
  155  14:01  Viking  
  161  14:03  Marine  
  161  14:04  Marine  
  161  14:05  Marine  
  161  14:09  Marine  
  165  14:10  Missile Turret  
  165  14:14  Marine x3, Marauder  
  170  14:18  Supply Depot  
  170  14:19  Supply Depot  
  170  14:20  Supply Depot  
  170  14:26  Viking  
  172  14:40  Viking, Marine x4  
  172  14:41  Marauder  
  180  14:47  Marine  
  180  14:50  Marine x3  
  184  14:56  Viking  
  184  14:58  Marine x2  
  188  15:10  Viking  
  190  15:21  Marine  
  190  15:22  Marine x2, Marauder  
  190  15:27  Command Center  
  195  15:30  Marine  
  196  15:39  Marine  
  196  15:40  Marine  
  196  15:41  Marine  
  196  15:42  Marine  
  196  15:43  Marine  
  196  15:44  Marine  
  196  15:45  Marine, Unknown  
  196  16:07  Marine  
  196  16:08  Marine  
  196  16:09  Marine  
  196  16:11  Marine  
  196  16:12  Marine  
  196  16:13  Marine  
  196  16:14  Marine  
  196  16:16  Marine  
  196  16:18  Marauder  
Show
View Real Time Build Order
Export as new Build Order

MoBigdIIck Zerg 

Build Orders: Pool First, Muta Ling Bane 

Get SALT Encoding   

  12  0:01  Drone  
  13  0:15  Overlord  
  13  0:24  Drone  
  14  0:41  Drone x2  
  14  0:42  Drone  
  17  0:46  Spawning Pool  
  16  0:51  Extractor  
  16  0:53  Drone  
  16  1:12  Drone  
  17  1:27  Hatchery  
  17  1:30  Drone x2  
  18  1:41  Queen  
  20  1:51  Metabolic Boost  
  20  1:58  Overlord  
  20  2:03  Drone x2  
  22  2:27  Zergling x4  
  22  2:28  Queen  
  26  2:31  Overlord  
  26  2:43  Drone x2  
  28  2:49  Drone  
  28  2:50  Drone x3  
  32  2:59  Zergling x2  
  32  3:04  Zergling x2  
  34  3:07  Zergling x2  
  34  3:10  Spine Crawler  
  34  3:12  Zergling x2  
  35  3:16  Zergling x2  
  36  3:22  Zergling x4  
  36  3:23  Zergling x2  
  36  3:26  Zergling x4  
  40  3:36  Zergling x4  
  40  3:40  Zergling x2  
  40  3:41  Zergling x4  
  39  3:50  Zergling x2  
  39  3:54  Zergling x2  
  40  4:00  Drone  
  40  4:01  Drone x2  
  43  4:10  Hatchery  
  42  4:18  Overlord  
  42  4:20  Overlord  
  42  4:21  Drone x2  
  44  4:24  Lair  
  44  4:40  Drone x4  
  44  4:44  Drone  
  44  4:45  Drone x6  
  52  4:50  Extractor x2  
  52  4:51  Overlord  
  50  4:56  Overlord  
  50  5:19  Zergling x16  
  58  5:25  Spire  
  58  5:28  Drone x2  
  59  5:32  Baneling Nest  
  59  5:33  Queen  
  60  5:40  Drone x4  
  64  5:49  Overlord  
  64  5:51  Drone x2, Extractor  
  64  5:54  Zergling x4  
  67  6:15  Queen  
  67  6:16  Drone x9  
  78  6:19  Baneling x3  
  78  6:20  Baneling x2  
  78  6:21  Baneling  
  78  6:37  Zergling x2  
  78  6:38  Zergling x18  
  73  6:53  Mutalisk x4  
  80  7:06  Mutalisk  
  80  7:08  Overlord x4  
  81  7:09  Drone  
  81  7:15  Overlord x2  
  81  7:19  Centrifical Hooks  
  81  7:21  Zerg Flyer Weapons Level 1  
  81  7:29  Mutalisk x4  
  85  7:40  Mutalisk x2  
  89  7:46  Drone x4  
  89  7:47  Drone  
  89  7:51  Spine Crawler  
  89  7:54  Zergling x12  
  89  7:55  Zergling x6  
  98  8:04  Overseer  
  98  8:05  Baneling  
  98  8:06  Drone x3  
  101  8:29  Zergling x20  
  111  8:44  Overlord x2  
  111  8:46  Extractor  
  111  8:47  Zergling x12  
  111  8:48  Extractor, Zergling x10  
  120  8:54  Overlord  
  120  8:57  Spore Crawler  
  120  9:01  Mutalisk  
  120  9:02  Mutalisk, Overlord  
  121  9:05  Baneling  
  121  9:06  Baneling x15  
  121  9:12  Hatchery  
  120  9:25  Mutalisk x4  
  120  9:27  Overlord x2  
  120  9:28  Zergling x12  
  134  9:44  Zergling x2  
  135  9:47  Zergling x2  
  135  9:48  Zergling x12  
  130  10:03  Mutalisk x3  
  130  10:04  Mutalisk x2  
  110  10:32  Zergling x12  
  114  10:41  Spire  
  110  10:45  Infestation Pit  
  110  10:49  Overlord x3  
  109  10:51  Baneling x4  
  109  10:52  Baneling x2  
  109  10:53  Zergling x4  
  109  10:54  Zergling x16  
  118  11:00  Zergling x2  
  119  11:13  Zergling x12  
  119  11:15  Overseer, Baneling x10  
  119  11:16  Overseer  
  125  11:22  Overlord x2  
  125  11:23  Zergling x6  
  125  11:24  Hive  
  128  11:33  Zergling x4  
  130  11:42  Evolution Chamber  
  130  11:44  Overlord  
  130  11:45  Overlord x2  
  100  11:55  Zergling x4  
  100  11:56  Zergling x10  
  92  12:06  Zergling x6  
  93  12:13  Zergling x2  
  94  12:16  Baneling x11  
  94  12:17  Zergling x2  
  94  12:18  Zergling x2  
  96  12:24  Zergling x2  
  96  12:28  Zergling x4  
  99  12:31  Zergling x2  
  100  12:42  Zergling x8  
  96  12:47  Zergling x2  
  96  12:57  Zergling x6  
  99  13:02  Zergling x2  
  99  13:03  Zergling x2  
  82  13:14  Zergling x8  
  82  13:19  Queen, Hatchery  
  81  13:22  Zergling x12  
  85  13:33  Evolution Chamber  
  80  13:40  Zergling x14  
  87  13:42  Baneling x6  
  24  14:14  Mutalisk x6  
  24  14:15  Mutalisk x4  
  24  14:16  Hatchery  
Show
View Real Time Build Order
Export as new Build Order

Amis Terran 

Build Orders: Hellion Opening, Mech 

Get SALT Encoding   

  12  0:03  SCV  
  13  0:15  SCV  
  13  0:21  Supply Depot  
  14  0:27  Refinery  
  14  0:29  SCV  
  15  0:44  SCV  
  15  0:48  Barracks  
  16  0:58  Refinery, SCV  
  18  1:11  SCV  
  18  1:27  SCV  
  19  1:35  Factory  
  19  1:36  Barracks Reactor  
  19  1:41  Orbital Command  
  19  1:50  Supply Depot  
  19  2:07  SCV  
  20  2:20  SCV  
  21  2:25  Hellion x2  
  25  2:32  SCV  
  23  2:46  Hellion x2  
  27  3:02  SCV  
  28  3:06  Supply Depot  
  28  3:08  Hellion  
  30  3:14  Supply Depot  
  30  3:29  Hellion  
  24  3:41  Barracks Reactor  
  24  3:46  SCV  
  23  3:50  Hellion  
  25  3:59  SCV  
  26  4:07  Command Center  
  26  4:11  SCV  
  26  4:12  Hellion  
  29  4:23  SCV  
  30  4:35  SCV  
  31  4:46  Hellion x2  
  31  4:47  SCV  
  31  4:50  Barracks Tech Lab  
  36  4:54  Factory  
  36  4:57  Supply Depot  
  36  4:59  SCV  
  37  5:11  SCV  
  38  5:19  Orbital Command  
  38  5:23  SCV  
  39  5:35  SCV  
  39  5:37  Hellion x2  
  39  5:39  Factory, Barracks Tech Lab  
  44  5:45  Mag-Field Accelerator  
  44  5:47  Cyclone, SCV  
  48  5:51  SCV  
  48  5:53  Supply Depot  
  49  6:00  SCV  
  49  6:03  SCV  
  51  6:12  SCV  
  51  6:15  SCV  
  51  6:18  Supply Depot, Command Center  
  53  6:21  Cyclone  
  56  6:30  SCV  
  56  6:31  Refinery x2  
  57  6:37  Cyclone  
  61  6:40  Hellion x2  
  56  6:53  Cyclone  
  50  7:00  SCV  
  50  7:01  Hellion, SCV  
  42  7:13  SCV x2  
  42  7:14  Siege Tank  
  47  7:25  SCV x2  
  49  7:31  Infernal Pre-Igniter  
  49  7:43  Siege Tank  
  49  7:44  Hellion x2  
  56  7:47  SCV x2  
  58  7:59  SCV x2  
  58  8:04  Siege Tank  
  63  8:11  SCV  
  64  8:15  Siege Tank, Orbital Command  
  67  8:23  SCV x2  
  69  8:35  SCV x2  
  69  8:36  Siege Tank  
  74  8:46  Hellion  
  74  8:47  SCV, Siege Tank  
  74  8:48  SCV  
  81  8:57  Orbital Command  
  81  8:59  Factory x2  
  81  9:00  SCV x2  
  83  9:29  SCV x3  
  86  9:39  Armory  
  86  9:41  Armory, SCV x3  
  76  9:47  Siege Tank  
  76  9:48  Hellion, Siege Tank  
  76  9:51  Hellion  
  76  9:52  Hellion  
  65  9:53  SCV x2  
  65  9:57  SCV  
  65  9:59  Factory Tech Lab  
  58  10:19  Siege Tank  
  58  10:20  Cyclone, Hellion x2, Siege Tank  
  62  10:22  SCV x2  
  62  10:23  SCV  
  63  10:31  Orbital Command  
  63  10:34  Factory Reactor, SCV  
  63  10:35  SCV  
  60  10:48  Orbital Command  
  50  11:01  SCV  
  51  11:05  SCV  
  52  11:13  Siege Tank  
  52  11:14  Hellion x2  
  52  11:16  SCV  
  60  11:18  SCV  
  61  11:27  Siege Tank  
  64  11:41  Siege Tank  
  63  11:54  Hellion  
  65  12:00  Hellion x3  
  65  12:01  Starport  
  72  12:08  SCV x2  
  72  12:10  SCV  
  74  12:18  Hellion x2, Siege Tank  
  71  12:38  Siege Tank  
  71  12:39  Hellion x2  
  71  12:40  SCV x3  
  79  12:52  SCV x2  
  79  12:57  Refinery, Supply Depot x2  
  82  12:59  Refinery  
  82  13:04  SCV x2  
  80  13:12  Starport Reactor  
  78  13:17  Cyclone x3  
  78  13:19  SCV  
  51  13:35  Hellion x2  
  51  13:36  SCV x2  
Tags
 
Add a new tag
Caveats
  • Supply blocks, unpowered buildings, or Contaminate may cause inaccurate times.
  • Supply counts are checked every 10 seconds.